BSA
AUSTIN RIVER SHARKS @ SPRINGFIELD STARS
04/16/2024
 
TOP OF THE 1ST
Austin River Sharks batting - Pitching for Springfield Stars : RHP José López
Pitching: RHP José López
Batting: RHB Tyler Wagner 0-0: Fly out, F6 (Popup, 5D)
Batting: SHB Juan Castro 0-0: Called Strike
0-1: Ball
1-1: Ball
2-1: Foul Ball, location: 2F
2-2: SOLO HOME RUN (Flyball, 78XD), Distance : 434 ft
Pitching: RHP Riley Johnston
Batting: LHB Roberto García 0-0: Ball
1-0: Called Strike
1-1: Ball
2-1: Called Strike
2-2: SOLO HOME RUN (Flyball, 89XD), Distance : 415 ft
Batting: RHB José Balina 0-0: Called Strike
0-1: Called Strike
0-2: Ground out 4-3 (Groundball, 4)
Batting: LHB Pedro Zaragoza 0-0: Foul Ball, location: 2F
0-1: Ball
1-1: Swinging Strike
1-2: SINGLE (Groundball, 4M)
Batting: RHB Rich Ruffin 0-0: Ball
1-0: Fly out, F3 (Popup, 3F)
Top of the 1st over - 2 run(s), 3 hit(s), 0 error(s), 1 left on base; Austin 2 - Springfield 0
BOTTOM OF THE 1ST
Springfield Stars batting - Pitching for Austin River Sharks : RHP José Collazo
Pitching: RHP José Collazo
Batting: LHB Felipe Guerrero 0-0: DOUBLE (Line Drive, 9LM)
Batting: RHB Juan Rodríguez 0-0: Ball
1-0: Ball
2-0: SINGLE (Line Drive, 6MD)
Felipe Guerrero to third
Runner from 3rd tries for Home, SAFE, no throw or cutoff
Batting: LHB Derek Davidson 0-0: Ball
1-0: DOUBLE (Line Drive, 89D)
Juan Rodríguez to third
Runner from 3rd tries for Home, SAFE, no throw or cutoff
Batting: LHB César Valentín 0-0: Ground out 6-3 (Groundball, 6M)
Derek Davidson to third
Batting: LHB Jesús Tobías 0-0: Hit by Pitch
Batting: RHB José Pinto 0-0: Ball
1-0: Swinging Strike
1-1: Ball
Throwing error on steal attempt, E2
Derek Davidson scores
Jesús Tobías to third
2-1: Ground out 4-3 (Groundball, 4)
Jesús Tobías scores
Batting: RHB Will Sterling 0-0: Ball
1-0: Foul Ball, location: 2F
1-1: Foul Ball, location: 2F
1-2: Ground out 6-3 (Groundball, 6M)
Bottom of the 1st over - 4 run(s), 3 hit(s), 1 error(s), 0 left on base; Austin 2 - Springfield 4
TOP OF THE 2ND
Austin River Sharks batting - Pitching for Springfield Stars : RHP Riley Johnston
Batting: RHB Kenneth Roberts 0-0: Ball
1-0: Ball
2-0: Ground out 4-3 (Groundball, 4M)
Batting: LHB Terry Maloney 0-0: Called Strike
0-1: Ball
1-1: SOLO HOME RUN (Flyball, 7D), Distance : 374 ft
Pitching: LHP Jeremy Meyer
Batting: RHB Hidetada Kichida 0-0: SINGLE (Line Drive, 34)
Batting: RHB Tyler Wagner 0-0: Called Strike
0-1: Ball
1-1: SINGLE (Groundball, 6MD)
Hidetada Kichida to second
Runner from 2nd tries for 3rd, SAFE, no throw or cutoff
Batting: SHB Juan Castro 0-0: Ball
1-0: Swinging Strike
1-1: Ball
2-1: Fly out, F8 (Line Drive, 8RD)
Runner from 3rd tags up, SCORES, no throw
Batting: LHB Roberto García 0-0: Ball
1-0: Ball
2-0: Fly out, F8 (Flyball, 8RD)
Top of the 2nd over - 2 run(s), 3 hit(s), 0 error(s), 1 left on base; Austin 4 - Springfield 4
BOTTOM OF THE 2ND
Springfield Stars batting - Pitching for Austin River Sharks : RHP José Collazo
Batting: SHB David García 0-0: Ball
1-0: Ball
2-0: Ball
3-0: Called Strike
3-1: Called Strike
3-2: Foul Ball, location: 2F
3-2: Base on Balls
Batting: LHB Eduardo Alomar 0-0: Swinging Strike
0-1: Ball
1-1: Swinging Strike
1-2: Fielders Choice at 2nd, 3-6 (Groundball, 3)
Batting: LHB Felipe Guerrero 0-0: Called Strike
0-1: Ball
1-1: Fly out, F9 (Flyball, 9D)
Batting: RHB Juan Rodríguez 0-0: Foul Ball, location: 2F
0-1: Ball
1-1: Foul Ball, location: 2F
1-2: Ball
2-2: Foul Ball, location: 2F
2-2: Foul Ball, location: 2F
2-2: Ball
3-2: Base on Balls
Eduardo Alomar to second
Batting: LHB Derek Davidson 0-0: Foul Ball, location: 2F
0-1: Fly out, F4 (Popup, 4MD)
Bottom of the 2nd over - 0 run(s), 0 hit(s), 0 error(s), 2 left on base; Austin 4 - Springfield 4
TOP OF THE 3RD
Austin River Sharks batting - Pitching for Springfield Stars : LHP Jeremy Meyer
Batting: RHB José Balina 0-0: Called Strike
0-1: Ball
1-1: Ball
2-1: Foul Ball, location: 2F
2-2: Strikes out swinging
Batting: LHB Pedro Zaragoza 0-0: Fly out, F3 (Popup, 3S)
Batting: RHB Rich Ruffin 0-0: Ball
1-0: Called Strike
1-1: Ground out 6-3 (Groundball, 6)
Top of the 3rd over - 0 run(s), 0 hit(s), 0 error(s), 0 left on base; Austin 4 - Springfield 4
BOTTOM OF THE 3RD
Springfield Stars batting - Pitching for Austin River Sharks : RHP José Collazo
Batting: LHB César Valentín 0-0: SINGLE (Line Drive, 9S)
Batting: LHB Jesús Tobías 0-0: Foul Ball, location: 2F
0-1: Ball
1-1: Swinging Strike
1-2: Ball
2-2: Ball
3-2: Foul Ball, location: 2F
3-2: Fly out, F8 (Flyball, 8RD)
Batting: RHB José Pinto 0-0: Fly out, F8 (Flyball, 8RM)
Batting: RHB Will Sterling 0-0: Ball
1-0: Swinging Strike
1-1: Ball
2-1: Foul Ball, location: 2F
2-2: Ball
3-2: Strikes out looking
Bottom of the 3rd over - 0 run(s), 1 hit(s), 0 error(s), 1 left on base; Austin 4 - Springfield 4
TOP OF THE 4TH
Austin River Sharks batting - Pitching for Springfield Stars : LHP Jeremy Meyer
Batting: RHB Kenneth Roberts 0-0: Called Strike
0-1: Ball
1-1: Ground out 5-3 (Groundball, 5L)
Batting: LHB Terry Maloney 0-0: Ball
1-0: Called Strike
1-1: Ball
2-1: Ground out 6-3 (Groundball, 6)
Batting: RHB Hidetada Kichida 0-0: Called Strike
0-1: Ball
1-1: Ball
2-1: Ball
3-1: Fly out, F8 (Flyball, 8LM)
Top of the 4th over - 0 run(s), 0 hit(s), 0 error(s), 0 left on base; Austin 4 - Springfield 4
BOTTOM OF THE 4TH
Springfield Stars batting - Pitching for Austin River Sharks : RHP José Collazo
Batting: SHB David García 0-0: Ground out 5-3 (Groundball, 56S)
Batting: LHB Eduardo Alomar 0-0: Fly out, F6 (Popup, 56)
Batting: LHB Felipe Guerrero 0-0: Ball
1-0: Ball
2-0: Called Strike
2-1: Foul Ball, location: 2F
2-2: Ball
3-2: Foul Ball, location: 2F
3-2: SINGLE (Groundball, 56D)
Batting: RHB Juan Rodríguez 0-0: Ball
1-0: Called Strike
1-1: Foul Ball, location: 2F
1-2: Ball
2-2: Ball
3-2: Base on Balls
Felipe Guerrero to second
Batting: LHB Derek Davidson 0-0: Ball
1-0: SINGLE (Line Drive, 4MD)
Felipe Guerrero to third
Juan Rodríguez to second
Batting: LHB César Valentín 0-0: Ball
1-0: Foul Ball, location: 2F
1-1: Called Strike
1-2: Ball
2-2: Ground out 1-3 (Groundball, 25)
Bottom of the 4th over - 0 run(s), 2 hit(s), 0 error(s), 3 left on base; Austin 4 - Springfield 4
TOP OF THE 5TH
Austin River Sharks batting - Pitching for Springfield Stars : LHP Jeremy Meyer
Batting: RHB Tyler Wagner 0-0: Ground out 5-3 (Groundball, 56S)
Batting: SHB Juan Castro 0-0: Ball
1-0: Ball
2-0: Ball
3-0: Called Strike
3-1: Base on Balls
Batting: LHB Roberto García 0-0: Called Strike
0-1: Grounds into double play, 5-4-3 (Groundball, 56)
Top of the 5th over - 0 run(s), 0 hit(s), 0 error(s), 0 left on base; Austin 4 - Springfield 4
BOTTOM OF THE 5TH
Springfield Stars batting - Pitching for Austin River Sharks : RHP José Collazo
Batting: LHB Jesús Tobías 0-0: Called Strike
0-1: Ball
1-1: Ball
2-1: Fly out, F8 (Line Drive, 8RS)
Batting: RHB José Pinto 0-0: Swinging Strike
0-1: Ball
1-1: Ball
2-1: Ball
3-1: Fly out, F8 (Flyball, 8LS)
Batting: RHB Will Sterling 0-0: Ball
1-0: Ball
2-0: Called Strike
2-1: Ball
3-1: Swinging Strike
3-2: Base on Balls
Pitching: RHP Soichiro Ikeda
Batting: SHB David García 0-0: Ball
1-0: Foul Ball, location: 2F
1-1: Ball
2-1: Fielders Choice at 2nd, U6 (Groundball, 6M)
Bottom of the 5th over - 0 run(s), 0 hit(s), 0 error(s), 1 left on base; Austin 4 - Springfield 4
TOP OF THE 6TH
Austin River Sharks batting - Pitching for Springfield Stars : LHP Jeremy Meyer
Batting: RHB José Balina 0-0: Ball
1-0: Foul Ball, location: 2F
1-1: Ground out 5-3 (Groundball, 56)
Batting: LHB Pedro Zaragoza 0-0: Ball
1-0: Ball
2-0: Swinging Strike
2-1: Fly out, F7 (Popup, 5D)
Batting: RHB Rich Ruffin 0-0: Called Strike
0-1: Ground out U3 (Groundball, 3S)
Top of the 6th over - 0 run(s), 0 hit(s), 0 error(s), 0 left on base; Austin 4 - Springfield 4
BOTTOM OF THE 6TH
Springfield Stars batting - Pitching for Austin River Sharks : RHP Soichiro Ikeda
Batting: LHB Eduardo Alomar 0-0: Ball
1-0: Called Strike
1-1: SINGLE (Groundball, 34D)
Batting: LHB Felipe Guerrero 0-0: Ball
1-0: Ball
2-0: Ball
3-0: Base on Balls
Eduardo Alomar to second
Batting: RHB Juan Rodríguez 0-0: Called Strike
0-1: Ball
1-1: Fly out, F7 (Line Drive, 78M)
Batting: LHB Derek Davidson 0-0: Fly out, F7 (Popup, 56D)
Batting: LHB César Valentín 0-0: Ball
1-0: Called Strike
1-1: Called Strike
1-2: Foul Ball, location: 2F
1-2: Ball
2-2: Ball
3-2: Ground out U3 (Groundball, 3S)
Bottom of the 6th over - 0 run(s), 1 hit(s), 0 error(s), 2 left on base; Austin 4 - Springfield 4
TOP OF THE 7TH
Austin River Sharks batting - Pitching for Springfield Stars : LHP Jeremy Meyer
Pitching: RHP Ramón Vélez
Batting: RHB Kenneth Roberts 0-0: Ball
1-0: Foul Ball, location: 2F
1-1: Ball
2-1: Ball
3-1: Swinging Strike
3-2: Base on Balls
Batting: LHB Terry Maloney 0-0: Called Strike
0-1: Ball
1-1: Fielders Choice at 2nd, 5-4 (Groundball, 56)
Batting: RHB Hidetada Kichida 0-0: Called Strike
0-1: Foul Ball, location: 2F
0-2: Foul Ball, location: 2F
0-2: Foul Ball, location: 2F
0-2: Foul Ball, location: 2F
0-2: Foul Ball, location: 2F
0-2: Ball
1-2: Foul Ball, location: 2F
1-2: Ball
2-2: Strikes out looking
Batting: RHB Tyler Wagner 0-0: Called Strike
0-1: Swinging Strike
0-2: Ball
1-2: Foul Ball, location: 2F
1-2: Ball
2-2: Strikes out swinging
Top of the 7th over - 0 run(s), 0 hit(s), 0 error(s), 1 left on base; Austin 4 - Springfield 4
BOTTOM OF THE 7TH
Springfield Stars batting - Pitching for Austin River Sharks : RHP Soichiro Ikeda
Batting: LHB Jesús Tobías 0-0: Ball
1-0: Ball
2-0: Foul Ball, location: 2F
2-1: Foul Ball, location: 2F
2-2: Strikes out looking
Batting: RHB José Pinto 0-0: Ball
1-0: Ball
2-0: Called Strike
2-1: Foul Ball, location: 2F
2-2: Ball
3-2: Foul Ball, location: 2F
3-2: Foul Ball, location: 2F
3-2: Ground out 5-3 (Groundball, 5)
Batting: RHB Will Sterling 0-0: Foul Ball, location: 2F
0-1: Foul Ball, location: 2F
0-2: Strikes out swinging
Bottom of the 7th over - 0 run(s), 0 hit(s), 0 error(s), 0 left on base; Austin 4 - Springfield 4
TOP OF THE 8TH
Austin River Sharks batting - Pitching for Springfield Stars : RHP Ramón Vélez
Batting: SHB Juan Castro 0-0: Ball
1-0: SINGLE (Flyball, 6MD)
Pitching: LHP Glenn Tutt
Batting: LHB Roberto García 0-0: Ball
1-0: Foul Ball, location: 2F
1-1: Ball
2-1: Ball
3-1: DOUBLE (Line Drive, 9D)
Juan Castro to third
Runner from 3rd tries for Home, SAFE, throw made home
Batting: RHB José Balina 0-0: Intentional Walk
Batting: LHB Pedro Zaragoza 0-0: Swinging Strike
0-1: Swinging Strike
0-2: Strikes out looking
Batting: RHB Rich Ruffin 0-0: Ball
1-0: Ball
2-0: Called Strike
2-1: Ball
3-1: Called Strike
3-2: Foul Ball, location: 2F
3-2: Strikes out looking
Roberto García is caught stealing 3rd base
Batter strikes out.
Top of the 8th over - 1 run(s), 2 hit(s), 0 error(s), 1 left on base; Austin 5 - Springfield 4
BOTTOM OF THE 8TH
Springfield Stars batting - Pitching for Austin River Sharks : RHP Soichiro Ikeda
Pitching: RHP Pedro Magana
Batting: SHB David García 0-0: Fly out, F3 (Line Drive, 3L)
Batting: LHB Eduardo Alomar 0-0: Foul Ball, location: 2F
0-1: Ball
1-1: Swinging Strike
1-2: Ground out 6-3 (Groundball, 6)
Batting: LHB Felipe Guerrero 0-0: Called Strike
0-1: Ball
1-1: Swinging Strike
1-2: Strikes out looking
Bottom of the 8th over - 0 run(s), 0 hit(s), 0 error(s), 0 left on base; Austin 5 - Springfield 4
TOP OF THE 9TH
Austin River Sharks batting - Pitching for Springfield Stars : LHP Glenn Tutt
Batting: RHB Kenneth Roberts 0-0: Swinging Strike
0-1: Called Strike
0-2: Ball
1-2: SINGLE (Flyball, 78S)
Batting: LHB Terry Maloney 0-0: DOUBLE (Flyball, 8LXD)
Kenneth Roberts to third
Batting: RHB Hidetada Kichida 0-0: Called Strike
0-1: Fly out, F7 (Line Drive, 78D)
Runner from 3rd tags up, SCORES, no throw
Batting: RHB Tyler Wagner 0-0: Intentional Walk
Batting: SHB Juan Castro 0-0: Foul Ball, location: 2F
0-1: Fly out, F7 (Popup, 7LS)
Batting: LHB Roberto García 0-0: Foul Ball, location: 2F
0-1: Foul Ball, location: 2F
0-2: Ball
1-2: Ball
2-2: Fly out, F8 (Line Drive, 8RM)
Top of the 9th over - 1 run(s), 2 hit(s), 0 error(s), 2 left on base; Austin 6 - Springfield 4
BOTTOM OF THE 9TH
Springfield Stars batting - Pitching for Austin River Sharks : RHP Pedro Magana
Pitching: LHP Miguel Martínez
Batting: RHB Juan Rodríguez 0-0: Ball
1-0: SINGLE (Line Drive, 56D)
Pinch Hitting: RHB Calvin Bennett 0-0: Ball
1-0: Fly out, F5 (Line Drive, 5)
Batting: LHB César Valentín 0-0: Called Strike
0-1: Ball
1-1: Ball
2-1: Foul Ball, location: 2F
2-2: Strikes out swinging
Pinch Hitting: RHB Miguel Salinas 0-0: Called Strike
0-1: Ball
1-1: Foul Ball, location: 2F
1-2: Foul Ball, location: 2F
1-2: Strikes out swinging
Bottom of the 9th over - 0 run(s), 1 hit(s), 0 error(s), 1 left on base; Austin 6 - Springfield 4
This league is powered by Out of the Park Baseball, the baseball management simulation game for PC, Mac and Linux
Saturday, April 9th, 2016 - OOTP Baseball 16.8 Build 38